 Dungeon Crawl Stone Soup version 0.31-a0-851-g7ff8af7976 (webtiles) character file.

Game seed: 13314494347103771870

134 gelatine the Chopper (level 4, -6/34 HPs)
             Began as a Demonspawn Gladiator on Oct 8, 2023.
             Mangled by a gnoll
             ... wielding a +0 halberd
              (10 damage)
             ... on level 3 of the Dungeon.
             The game lasted 00:04:06 (1693 turns).

gelatine the Chopper (Demonspawn Gladiator)         Turns: 1693, Time: 00:04:07

Health: -6/34      AC:  4    Str: 16    XL:     4   Next: 95%
Magic:  4/4        EV: 11    Int:  9    God:
Gold:   109        SH:  7    Dex: 15    Spells: 3/3 levels left

rFire   . . .        a - +0 war axe
rCold   . . .        s - +0 kite shield
rNeg    . . .        b - +0 leather armour
rPois   .            c - +0 helmet
rElec   .            (no cloak)
rCorr   .            (no gloves)
SInv    .            (no boots)
Will    .....        (no amulet)
Stlth   +            (no ring)
HPRegen 0.25/turn    (no ring)
MPRegen 0.09/turn

%: no passive effects
@: no status effects
A: hooves 1, foul stench 2
a: no special abilities


You were on level 3 of the Dungeon.
You visited 1 branch of the dungeon, and saw 3 of its levels.

You collected 109 gold pieces.

Inventory:

Hand Weapons
 a - a +0 war axe (weapon)
Missiles
 d - 3 throwing nets (quivered)
 e - a javelin
Armour
 b - a +0 leather armour (worn)
 c - a +0 helmet (worn)
 s - a +0 kite shield (worn)
Wands
 o - a wand of mindburst (16)
Scrolls
 f - a scroll of torment {unknown}
 g - 3 scrolls of teleportation {unknown}
 h - a scroll of fear {unknown}
 i - a scroll of vulnerability {unknown}
 j - a scroll of enchant weapon {unknown}
 k - a scroll of amnesia {unknown}
 n - 2 scrolls of identify {unknown}
 p - a scroll of poison {unknown}
 r - a scroll of fog {unknown}
Potions
 l - a potion of magic {unknown}
 m - 4 potions of heal wounds {unknown}
 q - a potion of invisibility {unknown}


   Skills:
 + Level 2.9 Fighting
 + Level 4.1 Axes
 + Level 1.8 Throwing
 + Level 0.9 Armour
 + Level 3.3 Dodging


You had 3 spell levels left.
You didn't know any spells.
Your spell library contained the following spells:

 Spells                   Type           Power      Damage    Failure   Level
 Freeze                   Ice            0%         1d3       86%         1
 Kiss of Death            Conj/Necr      0%         2d5       86%         1
 Lesser Beckoning         Tloc           0%         N/A       95%         2
 Gell's Gravitas          Tloc           0%         N/A       99%         3
 Teleport Other           Tloc           0%         N/A       99%         3
 Cause Fear               Hex            0%         N/A       100%        4
 Silence                  Hex/Air        0%         N/A       100%        5


Dungeon Overview and Level Annotations

Branches:
Dungeon (3/15)

Altars:

Shops:
D:3 :


Innate Abilities, Weirdness & Mutations

You have large cloven feet.
You sometimes emit foul miasma when damaged in melee.


Message History

n - 2 scrolls labelled UQEDEQ XENT (gained 1)
A gnoll comes into view. It is wielding a +0 whip.
You see here a +0 kite shield.
You start putting on your armour.
You continue putting on your +0 kite shield. x4
You finish putting on your +0 kite shield.
You hit the gnoll. Your kick misses the gnoll.
The gnoll is lightly wounded.
The gnoll hits you with a +0 whip. The gnoll barely misses you.
You slash the gnoll!
You kill the gnoll!
A gnoll comes into view. It is wielding a +0 spear.
You see here a +0 whip.
A gnoll comes into view. It is wielding a +0 halberd.
The gnoll shouts!
The gnoll hits you from afar with a +0 spear.
The gnoll closely misses you. The gnoll hits you with a +0 spear.
You slash the gnoll!
The gnoll is heavily wounded.
The gnoll hits you from afar with a +0 halberd.
The gnoll hits you but does no damage.
You completely miss the gnoll. You kick the gnoll.
The gnoll is severely wounded.
The gnoll completely misses you. The gnoll barely misses you.
The gnoll hits you with a +0 spear.
You emit a cloud of foul miasma!
The gnoll closely misses you.
You slash the gnoll!
You kill the gnoll!
You block the gnoll's attack. You block the gnoll's attack.
You see here a +0 spear.
You barely miss the gnoll. The gnoll misses you.
The gnoll hits you with a +0 halberd!
* * * LOW HITPOINT WARNING * * *
You closely miss the gnoll. The gnoll hits you with a +0 halberd.
* * * LOW HITPOINT WARNING * * *
You barely miss the gnoll. You kick the gnoll.
The gnoll is moderately wounded.
The gnoll hits you with a +0 halberd!
You die...

............[......
.####..........##.#
.####..###..#..##.#
..................
.#####.###.##.###
.# #.# #.# .# #.#
#.# .#####.#
#.##########
.......#
#.)....@g..#
.#######
##########.# .# .#
.# .# .# .#


You could see a gnoll.

Vanquished Creatures
  Robin (D:2)
  2 gnolls (D:3)
  3 adders (D:2)
  3 worms (D:2)
  3 dart slugs
  5 endoplasms
  3 giant cockroaches
  8 goblins (D:2)
  6 hobgoblins
  3 jackals (D:2)
  4 kobolds
  7 ball pythons
  5 bats
  2 frilled lizards (D:2)
  7 rats
62 creatures vanquished.

Notes
Turn   | Place    | Note
-------+----------+-------------------------------------------
     0 | D:1      | gelatine the Demonspawn Gladiator began the quest for the
                  | Orb.
     0 | D:1      | Reached XP level 1. HP: 16/16 MP: 1/1
    99 | D:1      | Gained mutation: You have large cloven feet. [demonic
                  | ancestry]
    99 | D:1      | Reached XP level 2. HP: 20/22 MP: 2/2
   310 | D:1      | Reached skill level 3 in Axes
   628 | D:2      | Found a faded altar of an unknown god.
   637 | D:2      | Gained mutation: You may rarely emit foul miasma when
                  | damaged in melee. [demonic ancestry]
   637 | D:2      | Reached XP level 3. HP: 28/28 MP: 3/3
   644 | D:2      | Got a parchment book
   891 | D:2      | Noticed Robin
   898 | D:2      | Gained mutation: You sometimes emit foul miasma when
                  | damaged in melee. [demonic ancestry]
   898 | D:2      | Reached XP level 4. HP: 31/34 MP: 4/4
   916 | D:2      | Killed Robin
   996 | D:2      | You fall into a shaft and drop 1 floor!
  1004 | D:3      | Found Wouruwit's Vocational Training.
  1009 | D:3      | Got a black book
  1227 | D:2      | Reached skill level 4 in Axes
  1693 | D:3      | Mangled by a gnoll

Illustrated notes

Levels and vault maps discovered:
D:1:      scummos_arrival_star, layout_basic
D:2:      layout_loops_ring, shapermc_ecumenical_altar_rom_forum,
          nicolae_figureground_pulse, uniq_robin
D:3:      layout_basic, serial_curves, eino_curves_01, eino_curves_03,
          st_stairs_1, minivault_5, nicolae_shop_vocational

Skill      XL: |  1  2  3  4 |
---------------+-------------+-----
Dodging        | 3 |  3.3
Axes           | 3 4 |  4.1
Fighting       | |  2.9
Throwing       | |  1.8
Armour         | |  0.9

Action                     |  1- 3 |  4- 6 || total
---------------------------+-------+-------++-------
  Melee: War axe           |    85 |    58 ||   143
         Punch             |     2 |       ||     2
         Kick              |    20 |    16 ||    36
 Armour: Leather armour    |    65 |    41 ||   106
  Dodge: Dodged            |    66 |    37 ||   103
  Block: Kite shield       |       |     2 ||     2

Table legend: (Time is in decaauts)
 A = Elapsed time spent in this place.
 B = Non-inter-level travel time spent in this place.
 C = Inter-level travel time spent in this place.
 D = Time resting spent in this place.
 E = Time spent auto-exploring this place.
 F = Levels seen in this place.
 G = Mean time per level.
                   A        B        C        D        E       F      G
               +--------+--------+--------+--------+--------+-----+--------+
         Total |   1741 |   1687 |     54 |      0 |   1188 |   3 |  580.3 |
       Dungeon |   1741 |   1687 |     54 |      0 |   1188 |   3 |  580.3 |
               +--------+--------+--------+--------+--------+-----+--------+

Top non-repeatable levels by time:
     D:2: 1020 daAuts
     D:1: 626 daAuts
     D:3: 95 daAuts
